 Dungeon Crawl Stone Soup version 0.27-a0-597-g524d869a0f (webtiles) character file.

Game seed: 7956008391673148975

474 broquaint the Cleaver (level 6, 0/51 HPs)
             Began as a Minotaur Fighter on Mar 11, 2021.
             Slain by an orc priest (3 damage)
             ... on level 4 of the Dungeon.
             The game lasted 00:13:41 (2922 turns).

broquaint the Cleaver (Minotaur Fighter)            Turns: 2922, Time: 00:13:42

Health: 0/51       AC:  8    Str: 22    XL:     6   Next: 84%
Magic:  5/5        EV:  7    Int:  5    God:
Gold:   241        SH:  9    Dex: 10    Spells: 5/5 levels left

rFire    . . .     SeeInvis .   a - +0 war axe
rCold    . . .     Faith    .   c - +0 kite shield
rNeg     . . .     Spirit   .   b - +0 scale mail
rPois    .         Reflect  .   (helmet restricted)
rElec    .         Harm     .   (no cloak)
rCorr    .         Rampage  .   (no gloves)
Will     .....                  j - +0 pair of boots
Stlth    ..........             (no amulet)
HPRegen  0.17/turn              (no ring)
MPRegen  0.09/turn              (no ring)

@: no status effects
A: horns 2, retaliatory headbutt
a: no special abilities


You were on level 4 of the Dungeon.
You visited 1 branch of the dungeon, and saw 4 of its levels.

You collected 241 gold pieces.

Inventory:

Hand Weapons
 a - a +0 war axe (weapon)
 e - a +2 mace of holy wrath
Armour
 b - a +0 scale mail (worn)
 c - a +0 kite shield (worn)
 j - a +0 pair of boots (worn)
Scrolls
 k - a scroll of magic mapping {unknown}
 l - a scroll of fear {unknown}
 m - a scroll of teleportation {unknown}
 o - a scroll of fog {unknown}
 p - a scroll of noise {unknown}
 r - a scroll of amnesia {unknown}
Potions
 d - a potion of might
 f - 2 potions of curing {unknown}
 g - a potion of attraction
 h - 2 potions of mutation
 i - a potion of brilliance
 n - a potion of lignification {unknown}
 q - a potion of cancellation {unknown}


   Skills:
 - Level 3.6 Fighting
 + Level 9.0 Axes
 - Level 3.6 Armour
 - Level 3.6 Shields


You had 5 spell levels left.
You didn't know any spells.
Your spell library contained the following spells:

 Spells                   Type           Power      Damage    Failure   Level
 Animate Skeleton         Necr           0%         N/A       99%         1
 Apportation              Tloc           0%         N/A       99%         1
 Corona                   Hex            0%         N/A       99%         1
 Summon Small Mammal      Summ           0%         N/A       99%         1


Dungeon Overview and Level Annotations

Branches:
Dungeon (4/15)
 Temple: D:4-7

Altars:
Gozag

Shops:
D:4 *

Annotations:
D:2 Joseph!, Terence


Innate Abilities, Weirdness & Mutations

You have a pair of horns on your head.
You reflexively headbutt those who attack you in melee.


Message History

The orc hits you with a +0 dagger.
You barely miss the orc.
The orc is moderately wounded.
You block the orc priest's attack.
You slash the orc!
You kill the orc!
The orc priest barely misses you. You block the orc priest's attack.
You block the orc priest's attack.
You hit the orc priest. Your headbutt misses the orc priest.
The orc priest is moderately wounded.
The orc priest mumbles some strange prayers to Beogh against you.
Beogh smites you!
The orc priest invokes the aid of Beogh against you.
Pain shoots through your body!
The orc priest calls upon Beogh to heal the orc priest.
The orc priest's wounds heal themselves!
You slash the orc priest! Your headbutt misses the orc priest.
The orc priest is heavily wounded.
The orc priest completely misses you. You furiously retaliate!
You headbutt the orc priest. You hit the orc priest.
You kill the orc priest!
Your Axes skill increases to level 9!
You completely miss the orc priest. You headbutt the orc priest.
The orc priest is moderately wounded.
The orc priest looks satisfied for a moment.
You barely miss the orc priest.
You headbutt the orc priest, but do no damage.
The orc priest is moderately wounded.
The orc priest calls down the wrath of Beogh upon you.
Beogh smites you! You block the orc priest's attack.
You hit the orc priest. Your headbutt misses the orc priest.
The orc priest is severely wounded.
The orc priest calls down the wrath of Beogh upon you.
Beogh smites you!
* * * LOW HITPOINT WARNING * * *
You barely miss the orc priest. Your headbutt misses the orc priest.
The orc priest is heavily wounded.
The orc priest hits you.
You die...

##...##..# #.#.# #.......#..
###...###......##.#..##.....#...#
....## ..####.......##....##..##
..### >.# #........#.#.....##
...## ......#...#.###.# ....#
#...###)...#...# ....##.#
#..##.†#########
............#####).....8.8.8.8.##
...............o@<.............#.
..............######...........#.
............ #...........#.
.......... #...........#.
......... ##..........##
......... #..8.8.8.8.# ..†......
############ ......... #.....#..


You could see an orc priest.

Vanquished Creatures
  A scorpion (D:4)
  A bullfrog zombie (D:2)
  2 hounds (D:4)
  A bullfrog skeleton (D:4)
  An orc priest (D:4)
  An orc wizard (D:4)
  A hound skeleton (D:4)
  4 gnolls (D:2)
  12 adders
  3 worms
  3 dart slugs
  3 leopard geckos
  An orc (D:4)
  12 bats
  2 giant cockroaches (D:1)
  12 goblins
  3 hobgoblins
  8 jackals
  3 quokkas
  5 frilled lizards
  9 kobolds
  A quokka skeleton (D:4)
  7 rats
96 creatures vanquished.

Notes
Turn   | Place    | Note
-------+----------+-------------------------------------------
     0 | D:1      | broquaint the Minotaur Fighter began the quest for the Orb.
     0 | D:1      | Reached XP level 1. HP: 19/19 MP: 0/0
    21 | D:1      | Reached skill level 3 in Axes
   101 | D:1      | Reached XP level 2. HP: 22/26 MP: 1/1
   329 | D:1      | Reached skill level 4 in Axes
   560 | D:2      | Reached XP level 3. HP: 31/31 MP: 2/2
   629 | D:2      | Reached skill level 5 in Axes
   631 | D:2      | Reached XP level 4. HP: 30/39 MP: 3/3
   711 | D:2      | Found an opulent altar of Gozag.
   843 | D:2      | Reached skill level 6 in Axes
   846 | D:2      | Reached XP level 5. HP: 34/45 MP: 4/4
  1336 | D:3      | Reached skill level 7 in Axes
  1540 | D:3      | Noticed Terence
  2207 | D:4      | Found Qudap's Assorted Antiques.
  2215 | D:4      | Reached XP level 6. HP: 47/51 MP: 5/5
  2251 | D:4      | Reached skill level 8 in Axes
  2919 | D:4      | Reached skill level 9 in Axes
  2922 | D:4      | Slain by an orc priest

Illustrated notes

Levels and vault maps discovered:
D:1:      ncdulo_watergridlock, layout_rooms
D:2:      layout_rooms, grunt_gozag_breadcrumbs
D:3:      layout_basic, uniq_terence
D:4:      kennysheep_the_goblin_king, layout_rooms, serial_shops,
          nicolae_shop_stone

Skill      XL: |  1  2  3  4  5  6 |
---------------+-------------------+-----
Axes           | 3 4 5 6 7 9 |  9.0
Fighting       | |  3.6
Armour         | |  3.6
Shields        | |  3.6

Action                   |  1- 3 |  4- 6 || total
-------------------------+-------+-------++-------
Melee: War axe           |    86 |   165 ||   251
       Headbutt          |     8 |    26 ||    34
  Use: Scroll            |       |     3 ||     3
Armor: Scale mail        |    50 |    96 ||   146
Dodge: Dodged            |    36 |    51 ||    87
Block: Kite shield       |    58 |    97 ||   155

Table legend: (Time is in decaauts)
 A = Elapsed time spent in this place.
 B = Non-inter-level travel time spent in this place.
 C = Inter-level travel time spent in this place.
 D = Time resting spent in this place.
 E = Time spent auto-exploring this place.
 F = Levels seen in this place.
 G = Mean time per level.
                   A        B        C        D        E       F      G
               +--------+--------+--------+--------+--------+-----+--------+
         Total |   3033 |   2984 |     49 |    329 |   1754 |   4 |  758.2 |
       Dungeon |   3033 |   2984 |     49 |    329 |   1754 |   4 |  758.2 |
               +--------+--------+--------+--------+--------+-----+--------+

Top non-repeatable levels by time:
     D:3: 957 daAuts
     D:4: 774 daAuts
     D:2: 698 daAuts
     D:1: 603 daAuts
